 Dungeon Crawl Stone Soup version 0.17-a0-1949-g1acca9a (webtiles) character file.

79 Ordine the Twirler (level 4, -4/37 HPs)
             Began as a Minotaur Gladiator on Oct 2, 2015.
             Killed from afar by a rat (29 damage)
             ... with an exploding inner flame
             ... hexed by the player character
             ... on level 2 of the Dungeon.
             The game lasted 00:02:21 (941 turns).

Ordine the Twirler (Minotaur Gladiator)              Turns: 941, Time: 00:02:21

Health: -4/37      AC:  4    Str: 23    XL:     4   Next: 17%
Magic:  3/3        EV: 12    Int:  5    God:
Gold:   46         SH:  0    Dex: 11    Spells: 0 memorised, 3 levels left

rFire  . . .     SeeInvis .     a - +0 quarterstaff
rCold  . . .     Clarity  .     b - +0 leather armour
rNeg   . . .     SustAt   .     (no shield)
rPois  .         Gourm    .     c - +0 hat
rElec  .         Spirit   .     (no cloak)
rCorr  .         Warding  .     g - +0 pair of gloves (curse)
rMut   .         Stasis   .     (no boots)
MR     .....                    (no amulet)
Stlth  +.........               (no ring)
                                i - +3 ring of strength

@: not resistant to hostile enchantments, very unstealthy
A: retaliatory headbutt, horns 2
a: no special abilities


You were on level 2 of the Dungeon.
You were not hungry.

You visited 1 branch of the dungeon, and saw 2 of its levels.

You collected 46 gold pieces.

Inventory:

Hand weapons
 a - a +0 quarterstaff (weapon)
Missiles
 d - 4 throwing nets (quivered)
Armour
 b - a +0 leather armour (worn)
 c - a +0 hat (worn)
 g - a cursed +0 pair of gloves (worn)
Jewellery
 i - a +3 ring of strength (left hand)
Potions
 f - a potion of resistance
 k - a potion of poison {unknown}
Comestibles
 e - 4 bread rations
 h - 2 beef jerkies


   Skills:
 - Level 2.4 Fighting
 + Level 6.1 Staves
 - Level 2.0 Throwing
 - Level 3.2 Dodging


You had 3 spell levels left.
You didn't know any spells.

Dungeon Overview and Level Annotations

Branches:
Dungeon (2/15)

Altars:


Innate Abilities, Weirdness & Mutations

You reflexively headbutt those who attack you in melee.
You have a pair of horns on your head.


Message History

As you read the scroll labeled MUNECI CIAPUFF, it crumbles to dust.
It is a scroll of identify.
Identify which item? (\ to view known items) (? for menu, Esc to quit)
f - a potion of resistance
j - a scroll labeled HOLUCO ZUSTRELY You see here a scroll of random uselessness.
A rat comes into view.
Read which item? (? for menu, Esc to quit)
As you read the scroll labeled HOLUCO ZUSTRELY, it crumbles to dust.
The creatures around you are filled with an inner flame!
It was a scroll of immolation.
No target in view!
No target in view!
No target in view!
No target in view!
The rat barely misses you. You furiously retaliate!
You headbutt the rat!
The rat explodes!
The fiery explosion engulfs you!
Ouch! That really hurt!
You die...

.# #...........#
.####(.........## .
...######.##...# .
##...####†##.### .#
###....#.##.# #.#
####...#..# ...
##....## ###§# #.....#
##§§§# #.##..###.@# #
#.##....#.## .#
###..##.##...#
...##[.##..###..#
##.##.##..####?.###..
......##.###..........
.###†....÷÷....####...
..†.)....#÷....### #
...###..##.##....#


There were no monsters in sight!

Vanquished Creatures
  Terence (D:2)
  2 adders (D:2)
  A worm (D:2)
  A ball python (D:1)
  4 giant cockroaches
  2 goblins (D:2)
  2 hobgoblins (D:1)
  11 jackals
  2 kobolds (D:1)
  2 quokkas (D:2)
  2 bats (D:1)
  4 rats (D:1)
34 creatures vanquished.

Notes
Turn   | Place    | Note
--------------------------------------------------------------
     0 | D:1      | Ordine the Minotaur Gladiator began the quest for the Orb.
     0 | D:1      | Reached XP level 1. HP: 18/18 MP: 0/0
   139 | D:1      | Reached skill level 4 in Staves
   164 | D:1      | Reached XP level 2. HP: 23/25 MP: 1/1
   654 | D:2      | Reached skill level 5 in Staves
   686 | D:2      | Reached XP level 3. HP: 19/30 MP: 2/2
   696 | D:2      | Noticed Terence
   707 | D:2      | Killed Terence
   710 | D:2      | HP: 1/30 [quokka (3)]
   739 | D:2      | HP: 1/30 [quokka (2)]
   887 | D:2      | Reached XP level 4. HP: 19/37 MP: 3/3
   900 | D:2      | Reached skill level 6 in Staves
   941 | D:2      | Killed from afar by a rat

Vault maps used:
D:1:      matt_arrival_grand_opening
D:2:      nicolae_overflow_hidden_temple, first_bread, uniq_jessica,
          uniq_terence

Action                   |  1- 3 |  4- 6 || total
-------------------------+-------+-------++-------
Melee: Quarterstaff      |    76 |     2 ||    78
  Use: Scroll            |     2 |     2 ||     4
